 Dungeon Crawl Stone Soup version 0.26.0-16-gc1dbca0489 (webtiles) character file.

Game seed: 17602236962446432939

18478 zcampers the Severer (level 12, 0/165 HPs)
             Began as a Minotaur Berserker on Jan 21, 2021.
             Was a High Priest of Trog.
             Slain by a seven-headed hydra (5 damage)
             ... on level 2 of the Lair of Beasts.
             The game lasted 00:20:47 (12556 turns).

zcampers the Severer (Minotaur Berserker)          Turns: 12556, Time: 00:20:48

Health: 0/165      AC: 20    Str: 22    XL:     12   Next: 28%
Magic:  11/11      EV:  8    Int:  8    God:    Trog [*****.]
Gold:   554        SH:  3    Dex: 11    Spells: 11/11 levels left

rFire    . . .     SeeInvis .   q - +0 morningstar
rCold    . . .     Faith    .   d - +0 buckler
rNeg     . . .     Spirit   .   B - +0 plate armour
rPois    +         Reflect  .   (helmet restricted)
rElec    .         Harm     .   C - +2 cloak {rCorr}
rCorr    +         Rampage  .   h - +0 pair of gloves
Will     ++...                  (no boots)
Stlth    ..........             (no amulet)
HPRegen  1.37/turn              g - ring of poison resistance
MPRegen  0.12/turn              a - ring of resist corrosion

@: berserking (expiring), regenerating (expiring), quick
A: retaliatory headbutt, horns 2
a: Renounce Religion, Berserk, Trog's Hand, Brothers in Arms


You were on level 2 of the Lair of Beasts.
You worshipped Trog.
Trog was extremely pleased with you.
You visited 2 branches of the dungeon, and saw 12 of its levels.

You collected 784 gold pieces.
You spent 230 gold pieces at shops.

Inventory:

Hand Weapons
 q - a +0 morningstar (weapon)
 M - a +2 vampiric war axe
Missiles
 c - 45 poisoned darts (quivered)
Armour
 d - a +0 buckler (worn)
 h - a +0 pair of gloves (worn)
 B - a +0 plate armour (worn)
 C - a +2 cloak of preservation (worn)
Jewellery
 a - a ring of resist corrosion (right hand)
 g - a ring of poison resistance (left hand)
 t - an uncursed ring of see invisible
 I - an uncursed ring of fire
Wands
 k - a wand of digging (14)
 l - a wand of paralysis (19)
 o - a wand of polymorph (3)
 v - a wand of acid (11)
 E - a wand of flame (14)
 F - a wand of enslavement (8)
Scrolls
 e - 8 scrolls of remove curse
 f - 21 scrolls of identify
 p - 4 scrolls of blinking
 r - a scroll of fear
 z - 2 scrolls of enchant armour
 G - a scroll of magic mapping
 L - 2 scrolls of teleportation
Potions
 b - 2 potions of heal wounds
 j - 2 potions of flight
 m - 7 potions of curing
 w - a potion of berserk rage
 x - 2 potions of haste
 H - a potion of ambrosia


   Skills:
 + Level 11.6 Fighting
 + Level 1.0 Long Blades
 + Level 15.8 Axes
 + Level 0.3(10.6) Maces & Flails
 + Level 12.7 Armour
 + Level 4.7 Dodging
 + Level 1.8 Stealth
 + Level 0.7 Shields
 + Level 0.6 Unarmed Combat


You had 11 spell levels left.
You didn't know any spells.
Your spell library was empty.

Dungeon Overview and Level Annotations

Branches:
Dungeon (10/15)            Temple (0/1) D:7            Lair (2/6) D:10
    Orc (0/2) D:9
  Swamp: Lair:2-4    Shoals: Lair:2-4     Snake: Lair:2-4    Spider: Lair:2-4

Altars:
Ashenzari
Fedhas
Hepliaklqana
Ru
Sif Muna
Trog
Wu Jian
The Shining One

Shops:
D:6 :   D:7 *   D:9 *


Innate Abilities, Weirdness & Mutations

You reflexively headbutt those who attack you in melee.
You have a pair of horns on your head.


Message History

The seven-headed hydra is heavily wounded.
You hit the seven-headed hydra.
The seven-headed hydra is severely wounded.
You block the seven-headed hydra's attack.
The seven-headed hydra barely misses you.
The seven-headed hydra bites you but does no damage.
The seven-headed hydra bites you.
* * * LOW HITPOINT WARNING * * *
You block the seven-headed hydra's attack.
The seven-headed hydra barely misses you.
The seven-headed hydra bites you but does no damage.
The komodo dragon bites you!
* * * LOW HITPOINT WARNING * * *
You barely miss the seven-headed hydra.
The seven-headed hydra is severely wounded.
The komodo dragon barely misses you.
The seven-headed hydra bites you but does no damage.
The seven-headed hydra barely misses you.
The seven-headed hydra bites you.
You die...

#..##..#.....## ##
#.............##
.#.#####...............
.......................
.....PP.#..#+..........
..................####.
♣♣♣♣♣♣♣..♣♣............#
♣≈≈≈≈≈≈...♣♣..#....#....
♣≈≈≈≈≈≈@≈♣♣♣..#.........
♣≈≈≈≈≈Dl♣♣..............
♣♣≈≈≈≈...♣♣........P....
♣♣♣♣...♣♣♣........#P...
...♣♣ ♣♣............
§♣♣♣ ♣............ .§
♣...>........ ..
♣............
......P#.....


You could see a seven-headed hydra and a komodo dragon.

Vanquished Creatures
  3 hydras
  3 two-headed ogres
  The ghost of fiver49 the Spear-Bearer, a novice TeEE of Qazlal (D:9)
  An unseen horror (D:10)
  The ghost of serenereef the Ruffian, a novice TrFi of Wu Jian (D:6)
  3 black mambas (Lair:1)
  Maurice (D:8)
  3 cane toads
  2 kobold demonologists (D:9)
  3 komodo dragons
  A troll (D:9)
  2 polar bears
  Prince Ribbit (D:5)
  6 blink frogs
  A wyvern (D:7)
  10 yaks
  6 water moccasins
  3 ice beasts
  4 orc warriors
  3 ogres
  2 phantoms
  6 black bears
  5 wolves (Lair:1)
  2 centaurs
  6 big kobolds (D:9)
  11 bullfrogs
  4 scorpions
  5 killer bees (D:7)
  5 wights (D:6)
  A howler monkey (D:9)
  A bullfrog zombie (D:5)
  A centaur zombie (D:2)
  A quasit (D:7)
  6 hounds
  A centaur skeleton (D:8)
  4 orc priests
  3 jellies
  12 orc wizards
  A bullfrog skeleton (D:8)
  Jessica (D:3)
  Terence (D:3)
  4 worker ants
  A killer bee zombie (D:7)
  2 hound zombies
  3 hound skeletons
  A howler monkey zombie (D:9)
  2 worker ant zombies
  7 adders
  A white imp (D:10)
  2 ufetubi (D:6)
  2 adder zombies (D:9)
  An adder skeleton (D:8)
  A worm (D:5)
  3 dart slugs
  3 leopard geckos
  22 orcs
  3 bats
  10 giant cockroaches
  9 goblins
  6 hobgoblins
  12 jackals
  15 kobolds
  3 quokkas
  A frilled lizard (D:3)
  A giant cockroach zombie (D:5)
  A leopard gecko skeleton (D:8)
  A leopard gecko zombie (D:7)
  6 rats
260 creatures vanquished.

Vanquished Creatures (collateral kills)
  4 big kobolds (D:9)
  An orc (D:8)
5 creatures vanquished.

Vanquished Creatures (others)
  2 fungi
  8 plants
  5 withered plants (D:5)
15 creatures vanquished.

Grand Total: 280 creatures vanquished

Notes
Turn   | Place    | Note
-------+----------+-------------------------------------------
     0 | D:1      | zcampers the Minotaur Berserker began the quest for the
                  | Orb.
     0 | D:1      | Reached XP level 1. HP: 19/19 MP: 0/0
   140 | D:1      | Reached skill level 4 in Axes
   224 | D:1      | Reached XP level 2. HP: 27/27 MP: 1/1
   722 | D:2      | Reached XP level 3. HP: 22/33 MP: 2/2
   838 | D:2      | Found a faded altar of an unknown god.
   862 | D:2      | Reached ** piety under Trog
   945 | D:2      | Reached XP level 4. HP: 40/40 MP: 3/3
  1634 | D:3      | Noticed Jessica
  1643 | D:3      | Killed Jessica
  1644 | D:3      | Reached skill level 5 in Axes
  1644 | D:3      | Reached XP level 5. HP: 41/47 MP: 4/4
  1928 | D:3      | Noticed Terence
  1941 | D:3      | Killed Terence
  2474 | D:4      | Noticed a phantom
  2507 | D:4      | Killed a phantom
  2507 | D:4      | Reached *** piety under Trog
  2508 | D:4      | Reached XP level 6. HP: 17/55 MP: 5/5
  2930 | D:4      | Got a slimy falchion
  2931 | D:4      | Identified the +3 falchion of Painful Death {flame, rN+}
                  | (You found it on level 4 of the Dungeon)
  3277 | D:4      | Found a broken altar of Ashenzari.
  3468 | D:5      | Entered Level 5 of the Dungeon
  3481 | D:5      | Reached skill level 5 in Fighting
  3481 | D:5      | Reached skill level 6 in Axes
  3547 | D:5      | Found a bloodstained altar of Trog.
  3600 | D:5      | Noticed an ice beast
  3614 | D:5      | Killed an ice beast
  3615 | D:5      | Reached skill level 5 in Armour
  3654 | D:5      | Reached XP level 7. HP: 24/61 MP: 6/6
  4399 | D:5      | Noticed Prince Ribbit
  4414 | D:5      | Reached skill level 7 in Axes
  4414 | D:5      | Reached skill level 1 in Stealth
  4416 | D:5      | Killed Prince Ribbit
  4417 | D:5      | Reached skill level 1 in Long Blades
  4948 | D:6      | Reached XP level 8. HP: 44/70 MP: 7/7
  5075 | D:6      | Found Ytruyg's Book Boutique.
  5198 | D:6      | Reached skill level 8 in Axes
  5240 | D:6      | Found a shimmering blue altar of Sif Muna.
  5458 | D:6      | Found a runed translucent gate.
  5458 | D:6      | Found a runed translucent gate.
  5458 | D:6      | Found a runed translucent gate.
  5458 | D:6      | Noticed serenereef's ghost (novice TrFi)
  5485 | D:6      | Killed serenereef's ghost
  5486 | D:6      | Reached skill level 9 in Axes
  5688 | D:6      | Reached XP level 9. HP: 19/78 MP: 8/8
  6873 | D:7      | Found Utharch Icou's Assorted Antiques.
  6882 | D:7      | Bought a scroll of identify for 46 gold pieces
  6882 | D:7      | Bought a glowing golden ring for 115 gold pieces
  6882 | D:7      | Bought a scroll of remove curse for 69 gold pieces
  6929 | D:7      | Reached skill level 10 in Axes
  7144 | D:7      | Reached **** piety under Trog
  7316 | D:7      | Found a staircase to the Ecumenical Temple.
  7626 | D:8      | Noticed a two-headed ogre
  7636 | D:7      | Reached skill level 10 in Armour
  7992 | D:7      | Killed a two-headed ogre
  7993 | D:7      | Reached skill level 11 in Axes
  7993 | D:7      | Reached XP level 10. HP: 61/89 MP: 9/9
  8319 | D:8      | Noticed Maurice
  8336 | D:8      | Killed Maurice
  8782 | D:9      | Found a sacrificial altar of Ru.
  8814 | D:9      | Found a runed translucent gate.
  8816 | D:9      | Noticed fiver49's ghost (novice TeEE)
  8818 | D:9      | Found a runed translucent gate.
  8819 | D:9      | Found a runed translucent gate.
  8844 | D:9      | Noticed a two-headed ogre
  8851 | D:9      | Killed a two-headed ogre
  8852 | D:9      | Reached skill level 12 in Axes
  8917 | D:9      | Found the +9 heavy crossbow "Sniper" {vorpal, Acc+∞ SInv}
  8965 | D:9      | Found Humur's General Store.
  9090 | D:9      | Found a staircase to the Orcish Mines.
  9286 | D:9      | Found a hazy altar of Hepliaklqana.
  9286 | D:9      | Found a faded altar of an unknown god.
  9312 | D:9      | Found a blossoming altar of Fedhas.
  9315 | D:9      | Found a glowing golden altar of the Shining One.
  9324 | D:9      | Found an ornate altar of the Wu Jian Council.
  9641 | D:9      | Noticed an orange demon
  9650 | D:9      | Noticed a sun demon
  9653 | D:9      | Killed fiver49's ghost
  9654 | D:9      | Reached skill level 10 in Fighting
  9654 | D:9      | Reached skill level 13 in Axes
  9654 | D:9      | Reached XP level 11. HP: 99/99 MP: 10/10
  9723 | D:10     | Entered Level 10 of the Dungeon
  9757 | D:10     | Noticed a two-headed ogre
  9763 | D:10     | Killed a two-headed ogre
  9793 | D:10     | Noticed an unseen horror
  9812 | D:10     | Killed an unseen horror
  9920 | D:10     | Reached skill level 14 in Axes
 10316 | D:10     | Reached ***** piety under Trog
 10402 | D:10     | Found a staircase to the Lair.
 10501 | Lair:1   | Entered Level 1 of the Lair of Beasts
 10529 | Lair:1   | Noticed a six-headed hydra
 10544 | Lair:1   | Killed a 13-headed hydra
 10911 | Lair:1   | Noticed a seven-headed hydra
 10927 | Lair:1   | Killed an 11-headed hydra
 10928 | Lair:1   | Reached skill level 15 in Axes
 11698 | Lair:1   | Reached XP level 12. HP: 71/110 MP: 11/11
 12374 | Lair:1   | You fall into a shaft and drop 1 floor!
 12536 | Lair:2   | Noticed an eight-headed hydra
 12536 | Lair:2   | Noticed a seven-headed hydra
 12545 | Lair:2   | Killed an eight-headed hydra
 12555 | Lair:2   | HP: 4/165 [komodo dragon (9)]
 12556 | Lair:2   | Slain by a seven-headed hydra

Illustrated notes

Levels and vault maps discovered:
D:1:      mrwooster_arrival_statue_2, layout_loops_ring
D:2:      layout_rooms, chequers_ecumenical_altar_simple
D:3:      layout_rooms, serial_rivers, chequers_serial_rivers_large_a,
          chequers_serial_rivers_large_b, chequers_serial_rivers_micro_b,
          chequers_serial_rivers_micro_a, chequers_serial_rivers_small_3,
          chequers_serial_rivers_micro_c, uniq_jessica, uniq_terence
D:4:      layout_basic, serial_bayou, serial_bayou_pond_d, serial_bayou_lake_a,
          serial_bayou_pond_e, serial_bayou_shore_a, grunt_ministairs_13,
          nicolae_ashenzari_panopticon
D:5:      layout_basic, serial_undead, serial_undead_e, serial_undead_e,
          serial_undead_b, serial_undead_e, basic_altar, uniq_prince_ribbit1
D:6:      minmay_angry_zag, layout_basic, serial_shops, shop,
          ebering_ghost_rock_garden, led_sif_pool
D:7:      wander_river, layout_basic, temple_pool_b, serial_shops,
          nicolae_shop_overgrown_old_shop, kennysheep_opposing_triangles
D:8:      layout_basic, nicolae_sextant, uniq_maurice
D:9:      layout_loops_ring, chequers_temple_overflow_minitemple,
          old_standard_altar, orc_0_dummy, gammafunk_ghost_nasty_kobolds,
          serial_shops, shop_statue
D:10:     layout_loops_ring, david_lair_shrubbed
Lair:1:   layout_cave_shapes
Lair:2:   beast_lair_carwin_large_3, layout_chaotic_city,
          palyth_hydra_swamp_entry, grunt_forest_large_clearings, uniq_urug

Skill      XL: |  1  2  3  4  5  6  7  8  9 10 11 |
---------------+----------------------------------+-----
Axes           | 4 5 6 7 9 11 13 15 | 15.8
Fighting       | 4 5 6 7 8 10 11 | 11.6
Dodging        | 3 4 |  4.7
Armour         | 3 4 5 6 8 10 11 12 | 12.7
Stealth        | 1 |  1.8
Long Blades    | 1 |  1.0
Maces & Flails | |  0.3
Shields        | |  0.7
Unarmed Combat | |  0.6

Action                   |  1- 3 |  4- 6 |  7- 9 | 10-12 || total
-------------------------+-------+-------+-------+-------++-------
Melee: Hand axe          |    54 |   115 |   135 |       ||   304
       Headbutt          |     9 |    24 |    36 |    57 ||   126
       Falchion          |       |     5 |       |       ||     5
       Battleaxe         |       |       |    77 |   287 ||   364
       Unarmed           |       |       |       |     4 ||     4
       War axe           |       |       |       |    29 ||    29
       Morningstar       |       |       |       |    16 ||    16
Throw: Dart              |     1 |       |       |       ||     1
Invok: Trog's Hand       |       |     1 |     3 |     4 ||     8
       Berserk           |       |       |     3 |     4 ||     7
       Brothers in Arms  |       |       |       |     2 ||     2
Evoke: Wand              |       |       |     1 |       ||     1
  Use: Scroll            |     5 |     6 |     2 |     5 ||    18
       Potion            |     1 |     6 |       |     8 ||    15
 Stab: Confused          |       |       |       |     1 ||     1
Armor: Animal skin       |     2 |       |       |       ||     2
       Ring mail         |    36 |    28 |       |       ||    64
       Chain mail        |       |    24 |   147 |       ||   171
       Plate armour      |       |       |    11 |   365 ||   376
Dodge: Dodged            |    50 |    71 |   145 |   190 ||   456
Block: Buckler           |       |       |     9 |    13 ||    22
       Rpst.: Falchion   |       |     2 |       |       ||     2
